[Event "*** Titled Tuesday Blitz AM"]
[Site "Chess.com"]
[Date "2020.01.07"]
[Round "7"]
[White "Nbk90"]
[Black "Me_ch_an"]
[Result "0-1"]
[WhiteElo "2514"]
[BlackElo "2359"]
[TimeControl "180+2"]
[EndTime "10:35:22 PST"]
[Termination "Me_ch_an won on time"]

1. d4 d5 2. Nf3 Nf6 3. c4 dxc4 4.
e3 Bg4 5. Bxc4 e6 6. Be2 a6 7.
Nc3 Nbd7 8. O-O Bb4 9. Qb3 Qe7 10.
a3 Bxc3 11. bxc3 b5 12. a4 O-O 13. axb5 Rfb8 14. Qd1 Ne4 15. Qc2 Bf5 16. Bd3 Ndf6 17. Ne5 Qd6 18. Rxa6 Rxa6 19. bxa6 Qb6 20. f3 Nd6 21. e4 Bg6 22. Nxg6 hxg6 23. e5 c5 24. exd6 cxd4 25. c4 Qxd6 26. c5 Qd5 27. c6 Rc8 28. a7 Qa5 29. Bf4 Qxa7 30. Rc1 Nd5 31. Bd6 Nc3 32. c7 Qb6 33. Bg3 Qc5 34. Re1 Qa5 35.
Kh1 Nd5 36. Qc1 Ne3 37. Be4 e5 38. Qc6 Rxc7 39. Qe8+ Kh7 40. Qxe5 Qd2 41. Qh5+ Kg8 42. Qh3 Rc1 0-1

[Event "*** Titled Tuesday Blitz AM"]
[Site "Chess.com"]
[Date "2020.01.07"]
[Round "7"]
[White "WorldChampionBulletChess"]
[Black "Alopekos"]
[Result "1-0"]
[WhiteElo "2096"]
[BlackElo "2447"]
[TimeControl "180+2"]
[EndTime "10:35:22 PST"]
[Termination "WorldChampionBulletChess won by resignation"]

1. d4 Nf6 2. c4 e6 3. a3 d5 4.
Nf3 c6 5. Nc3 Nbd7 6. Bf4 dxc4 7.
e4 b5 8. b3 cxb3 9. Qxb3 Qb6 10. Be2 Be7 11. O-O a6 12. d5 cxd5 13. exd5 Nc5 14.
Qa2 O-O 15. Rfd1 exd5 16. Nxd5 Nxd5 17. Qxd5 Be6 18. Qh5 h6 19. Be3 Qc7 20. Rac1 Rac8 21. Nd4 Qb8 22. Nxe6 Nxe6 23. Bd3 Rxc1 24. Rxc1 Rc8 25.
Qf5 g6 26. Qe4 Rxc1+ 27. Bxc1 Qc7 28. Bxh6 Bf6 29. Qa8+ Qd8 30. Qxd8+ Nxd8 31. Bd2 Nc6 32. Be4 Nd8 33. g4 Bb2 34. Bb4 a5 35. Bxa5 Bxa3 36.
Bxd8 b4 37. Be7 Kg7 38. Bc5 g5 39. Bf5 Kf6 40. Kf1 Ke5 41. Ke2 Kd5 42. Be7 Kc4 43.
Kd2 b3 44. Bxa3 Kd5 45. Bb2 Kc4 46. Ke3 Kb4 47. f4 gxf4+ 48. Kxf4 Kc4 49. h4 Kd5 50. h5 1-0

[Event "*** Titled Tuesday Blitz AM"]
[Site "Chess.com"]
[Date "2020.01.07"]
[Round "7"]
[White "Mikhail_Golubev"]
[Black "EugeneRougon"]
[Result "0-1"]
[WhiteElo "2584"]
[BlackElo "2731"]
[TimeControl "180+2"]
[EndTime "10:35:24 PST"]
[Termination "EugeneRougon won by resignation"]

1. e4 e6 2. d4 d5 3. Nc3 Bb4 4. e5 c5 5. a3 Bxc3+ 6. bxc3 Ne7 7. a4 Nbc6 8. Nf3 Qa5 9. Bd2 Qc7 10. Bd3 h6 11. O-O b6 12. Qe1 a5 13. Qe3 cxd4 14.
cxd4 Ba6 15. Bxa6 Rxa6 16. Rfc1 O-O 17. Qf4 Rc8 18. Qg4 Nf5 19. c4 dxc4 20. Rxc4 Qd7 21.
Rac1 Raa8 22. Qe4 Nfe7 23. Qg4 Nf5 24. Qe4 Nfe7 25. h3 Na7 26. Qg4 Nf5 27. Qe4 Ne7 28.
Qg4 Rxc4 29. Rxc4 Nf5 30. Qe4 Rc8 31. Rxc8+ Nxc8 32. g4 Nfe7 33. Kg2 Qxa4 34. Qa8 Qc6 35. Qb8 Qd7 36. Be3 Nc6 37. Qa8 Qc7 38. g5 hxg5 39. Nxg5 Ne7 40. Ne4 Qc6 41. Qxc6 Nxc6 42. Kf3 a4 43.
Ke2 b5 44. Nc3 N8a7 45. Kd3 Nb4+ 46. Kd2 Nd5 47. Nxd5 exd5 48. Kc3 Nc6 49. f4 g6 50. h4 Kf8 51. f5 gxf5 52. h5 Kg7 53. Bf4 b4+ 54. Kd3 a3 55. Kc2 Nxd4+ 0-1

[Event "*** Titled Tuesday Blitz AM"]
[Site "Chess.com"]
[Date "2020.01.07"]
[Round "7"]
[White "nonscitis"]
[Black "OneTrickPony_82"]
[Result "1-0"]
[WhiteElo "2563"]
[BlackElo "2426"]
[TimeControl "180+2"]
[EndTime "10:35:24 PST"]
[Termination "nonscitis won by resignation"]

1. d4 Nf6 2. c4 e6 3. Nf3 d5 4. Nc3 c5 5. cxd5 exd5 6. g3 Nc6 7. Bg2 cxd4 8. Nxd4 Bc5 9. Nb3 Bb6 10. O-O d4 11. Na4 O-O 12. Bg5 Re8 13. Nxb6 axb6 14. Bxf6 Qxf6 15. Bxc6 bxc6 16. Qxd4 Qxd4 17. Nxd4 c5 18.
Nb5 Rxe2 19. Rfe1 Rxe1+ 20. Rxe1 Be6 21. a3 Rc8 22. Rd1 Kf8 23. f4 Bc4 24. Nd6 Rd8 25. Rd2 Be6 26. Kf2 Ke7 27. Ne4 Rxd2+ 28. Nxd2 Bd5 29.
Ke3 Kd6 30. Nb1 b5 31. Nc3 b4 32. Nxd5 Kxd5 33. a4 Kc4 34. Ke4 Kb3 35. a5 c4 36.
a6 c3 37. bxc3 bxc3 38. a7 c2 39. a8=Q c1=Q 40. Qb7+ Ka4 41. Qa6+ Kb4 42. Qb6+ Ka4 43. Qa7+ Kb4 44. Qxf7 Qc2+ 45. Kf3 Qd3+ 46. Kg4 Qe2+ 47. Kh3 Qf1+ 48. Kh4 Qe2 49. h3 h5 50. Qxg7 1-0

[Event "*** Titled Tuesday Blitz AM"]
[Site "Chess.com"]
[Date "2020.01.07"]
[Round "7"]
[White "2nd_life"]
[Black "attack2mateU"]
[Result "0-1"]
[WhiteElo "2488"]
[BlackElo "2715"]
[TimeControl "180+2"]
[EndTime "10:35:25 PST"]
[Termination "attack2mateU won on time"]

1. e4 c5 2. Nf3 d6 3. d4 cxd4 4. Nxd4 Nf6 5. Nc3 a6 6. Be3 e5 7. Nb3 Be6 8. Qd2 Nbd7 9. f3 h5 10. Be2 Be7 11. Nd5 Nxd5 12. exd5 Bf5 13. c4 Bh4+ 14. g3 Be7 15. Na5 Qc7 16. b4 Nf6 17.
Rc1 Rd8 18. O-O Qd7 19. Rfd1 e4 20. Bg5 exf3 21. Bxf3 Ne4 22. Bxe4 Bxe4 23. Re1 f5 24. h4 Bxg5 25. Qxg5 Kf7 26. c5 dxc5 27. Rxe4 fxe4 28. Rf1+ Kg8 29. Nxb7 Rf8 30. Rxf8+ Kxf8 31. Nxc5 Qg4 32. Qxg4 hxg4 33. Kf2 Rh5 34. Ne6+ Ke7 35. Nf4 Re5 36.
Ke3 Kd6 37. a4 Re8 38. h5 Rb8 39. b5 axb5 40. axb5 Ke5 41. d6 Rxb5 42. d7 Rb3+ 43. Ke2 Rb8 44. Ng6+ Kf6 45. Ke3 Rd8 46. Kxe4 Rxd7 47.
Nf4 Re7+ 48. Kd4 Kg5 49. Nd5 Re1 50. Nf4 Kf5 0-1

[Event "*** Titled Tuesday Blitz AM"]
[Site "Chess.com"]
[Date "2020.01.07"]
[Round "7"]
[White "mouseWLZ"]
[Black "Sanan_Sjugirov"]
[Result "0-1"]
[WhiteElo "2797"]
[BlackElo "2955"]
[TimeControl "180+2"]
[EndTime "10:35:31 PST"]
[Termination "Sanan_Sjugirov won by resignation"]

1. d4 Nf6 2. Bf4 e6 3. e3 c5 4. c3 b6 5. Nf3 Bb7 6. Nbd2 cxd4 7. exd4 Be7 8. Bd3 O-O 9. O-O d6 10. a4 a6 11. Qe2 Nbd7 12. b4 Re8 13. Rfd1 Nd5 14.
Bg3 Nxc3 15. Bxh7+ Kh8 16. Qd3 Nxd1 17. Rxd1 Nf8 18.
Be4 d5 19. Ne5 dxe4 20. Nxf7+ Kg8 21. Nxd8 exd3 22. Nxb7 Bxb4 23. Nb3 Rac8 24. Kf1 Rc6 25. Nc1 d2 26. Nd3 Ba3 27. Rxd2 Re7 28. Nd8 Rc8 29. Ra2 Rxd8 30. Rxa3 Rxd4 31. Ke2 Ng6 32. Ke3 Red7 33. Ne5 Nxe5 34. Bxe5 Rc4 35. Rb3 Rb7 36. Ra3 Rc5 37. Bd4 Ra5 38. Bc3 Rh5 39. h3 Rd5 40. f4 Kf7 41. Be5 b5 42. axb5 axb5 43. h4 b4 44. Rb3 Ra5 45. Kd3 Ra3 46. Kc4 Rxb3 47. Kxb3 Rd7 48. Kxb4 Rd3 49. h5 Rg3 50. f5 Rg4+ 51. Kc5 exf5 52. g3 Rg5 53. Kd4 Rxh5 54. Bf4 g5 55. Bc7 Ke6 56. Ke3 Rh8 57. Kf2 Rc8 58. Bb6 Rc2+ 59. Kf3 Rc3+ 60. Kf2 Kd5 61. Bd8 g4 62.
Bg5 Ke4 63. Bh4 Rc2+ 64. Kg1 Kf3 0-1

[Event "*** Titled Tuesday Blitz AM"]
[Site "Chess.com"]
[Date "2020.01.07"]
[Round "7"]
[White "Safar_From_Afar"]
[Black "Hadza_3"]
[Result "0-1"]
[WhiteElo "2111"]
[BlackElo "2368"]
[TimeControl "180+2"]
[EndTime "10:35:31 PST"]
[Termination "Hadza_3 won by resignation"]

1. e4 e5 2. Nf3 Nc6 3. Bb5 g6 4. d4 exd4 5. Bg5 Be7 6. Bxe7 Qxe7 7. Bxc6 dxc6 8. Qxd4 Nf6 9. Nc3 Bg4 10. O-O-O Bxf3 11. gxf3 O-O 12. h4 Nh5 13. Qe3 Rad8 14. f4 Rxd1+ 15. Rxd1 Qxh4 16. f5 Rd8 17. Rxd8+ Qxd8 18. e5 gxf5 19.
e6 Ng7 20. e7 Qd7 21. Qxa7 Qxe7 22. Qxb7 Qg5+ 23. Kd1 Qg1+ 24. Ke2 Qg4+ 25. Ke1 Ne6 26.
Qxc6 h5 27. Nd5 Qe4+ 28. Kd1 Kg7 29. Qc3+ Nd4 30. Qg3+ Kf8 31. Qa3+ Kg7 32. Qg3+ Kh8 33. Ne3 f4 34. Qg5 fxe3 35. Qxh5+ Kg8 36. Qg5+ Kf8 37. Qd8+ Kg7 38. Qg5+ Qg6 39. Qe5+ Qf6 40. Qxf6+ Kxf6 41. fxe3 Nb5 42. a4 Na7 43. b4 Ke5 44. Kd2 Kd5 45. Kd3 c5 46. c4+ Kc6 47. b5+ Kb6 48. Ke4 Nc8 49.
Kd5 Ne7+ 50. Kd6 Nf5+ 51. Kd5 Nxe3+ 52. Ke5 Nxc4+ 53. Kf6 Na5 54. Kxf7 c4 55. Ke6 c3 0-1

[Event "*** Titled Tuesday Blitz AM"]
[Site "Chess.com"]
[Date "2020.01.07"]
[Round "7"]
[White "rasmussvane"]
[Black "OparinGrigoriy"]
[Result "0-1"]
[WhiteElo "2869"]
[BlackElo "3039"]
[TimeControl "180+2"]
[EndTime "10:35:32 PST"]
[Termination "OparinGrigoriy won by resignation"]

1. Nf3 Nf6 2. g3 d5 3. Bg2 c5 4. O-O g6 5. d4 cxd4 6. Nxd4 Bg7 7. Nb3 O-O 8. Nc3 e6 9. e4 dxe4 10. Qxd8 Rxd8 11. Nxe4 Nxe4 12. Bxe4 a5 13. a4 Nc6 14. c3 Bf6 15. Be3 Be7 16. Rfd1 Rxd1+ 17. Rxd1 f5 18. Bg2 Kf7 19. Nc5 Ne5 20. Nxb7 Bxb7 21. Bxb7 Rb8 22. Ba6 Rxb2 23. h3 Rc2 24. Bb6 Rxc3 25.
Bxa5 Ra3 26. Bb5 Bc5 27. Kg2 g5 28. Bc7 Nf3 29. Bd6 Bxd6 30. Rxd6 Ke7 31. Rd1 h5 32. Be2 Ne5 33. Bb5 g4 34. hxg4 hxg4 35. Re1 Nf3 36. Rd1 e5 37. Be2 Nd4 38. Bb5 Kf6 39. Rc1 Ra2 40. Re1 Nf3 41. Rd1 e4 42. Kf1 Nd2+ 43. Ke1 e3 44. fxe3 Ne4 45. Rd8 Ra1+ 46. Ke2 Nxg3+ 47.
Kd2 Ne4+ 48. Kc2 g3 49. Rg8 g2 50. Kb2 g1=Q 51. Rxg1 Rxg1 52. a5 Rg7 53. a6 Ke5 54.
Kb3 Kd5 55. Kb4 Nd6 56. Bd3 Kc6 57. Kc3 Kc5 0-1

[Event "*** Titled Tuesday Blitz AM"]
[Site "Chess.com"]
[Date "2020.01.07"]
[Round "7"]
[White "Supernotar"]
[Black "JozefKneht"]
[Result "0-1"]
[WhiteElo "2566"]
[BlackElo "2412"]
[TimeControl "180+2"]
[EndTime "10:35:35 PST"]
[Termination "JozefKneht won by checkmate"]

1. d4 d5 2. c4 c6 3. e3 Nf6 4. Bd3 g6 5. Nc3 Bg7 6. Nge2 O-O 7. O-O Bg4 8. b3 Nbd7 9. Bb2 Bxe2 10. Qxe2 Re8 11.
e4 dxe4 12. Nxe4 Nxe4 13. Bxe4 Nf6 14. Bf3 e6 15. Rad1 Qc7 16. Rd3 a5 17. a4 Rad8 18.
Rfd1 Rd7 19. g3 Red8 20. Kg2 b5 21. axb5 cxb5 22. c5 Nd5 23. Qd2 Nb4 24. Re3 Bxd4 25. Bxd4 Rxd4 26. Qxd4 Rxd4 27. Rxd4 Nc2 28. Red3 Nxd4 29.
Rxd4 Qxc5 30. Rd8+ Kg7 31. Rd3 a4 32. bxa4 bxa4 33.
Bd1 Qb4 34. Re3 a3 35. Bb3 Qd2 36.
Bxe6 fxe6 37. Rxa3 Qd5+ 38. Kf1 Qh1+ 39. Ke2 Qxh2 40.
Ra7+ Kf6 41. Ra4 Qh1 42. Rh4 Qc1 43. Rxh7 Qc2+ 44. Kf1 g5 45. Rh8 g4 46. Rf8+ Ke7 47. Rf4 Qd1+ 48. Kg2 e5 49. Rb4 Ke6 50. Rb6+ Kf5 51.
Rb4 Qf3+ 52. Kg1 e4 53. Rb5+ Ke6 54. Rb6+ Kd5 55. Rb5+ Kc6 56. Re5 Kd6 57. Re8 Kd5 58. Rd8+ Kc4 59. Rd2 e3 60. fxe3 Qxg3+ 61. Rg2 Qxe3+ 62.
Kh2 Qf4+ 63. Rg3 Qf2+ 64. Kh1 Qf4 65. Kg2 Kd4 66. Kh1 Ke4 67. Kg2 Qd2+ 68. Kh1 Kf4 69. Rg1 Qd5+ 70. Kh2 Qh5+ 71. Kg2 Qh3+ 72. Kf2 Qf3+ 73.
Ke1 g3 74. Rf1 g2 75. Rxf3+ Kxf3 76. Kd2 g1=Q 77. Kc2 Qe3 78. Kb2 Qd3 79. Ka1 Qe2 80. Kb1 Ke3 81. Ka1 Kd3 82. Kb1 Kc3 83. Ka1 Qb2# 0-1

[Event "*** Titled Tuesday Blitz AM"]
[Site "Chess.com"]
[Date "2020.01.07"]
[Round "7"]
[White "Rap_woyska"]
[Black "Chesswizard_2007"]
[Result "0-1"]
[WhiteElo "2355"]
[BlackElo "2502"]
[TimeControl "180+2"]
[EndTime "10:35:37 PST"]
[Termination "Chesswizard_2007 won by resignation"]

1. c4 g6 2. Nf3 Bg7 3. Nc3 d6 4. d4 Nf6 5. g3 O-O 6. Bg2 Nc6 7. O-O a6 8. d5 Na5 9. b3 c5 10. dxc6 bxc6 11. Bb2 Bd7 12. Qc1 Rb8 13. Rd1 Qb6 14. Na4 Qc7 15. c5 Rfe8 16. Qf4 Nh5 17.
Qd2 d5 18. Bxg7 Nxg7 19. Qf4 e5 20. Qg5 Rb4 21. h3 Re6 22. Nb6 f6 23. Qd2 Rxb6 24.
cxb6 Qxb6 25. Rac1 Nb7 26. e3 Nf5 27. Ne1 Nfd6 28.
Nd3 Kg7 29. Qc3 Nb5 30. Qc2 Re8 31. Nc5 Nxc5 32. Qxc5 Qxc5 33. Rxc5 Rb8 34. Bxd5 cxd5 35.
a4 Be6 36. axb5 axb5 37. Ra1 Kh6 38. Ra7 Bxh3 39. Rcc7 Kg5 40. Rxh7 Bg4 41. Kg2 e4 42. Kf1 Rc8 43. Rac7 Ra8 44. Ra7 Rd8 45. Ke1 d4 46.
Ra1 dxe3 47. fxe3 Rd3 48. Rb7 Rxe3+ 49. Kf2 Rf3+ 50. Kg2 Rxb3 51. Rc1 Rb2+ 52. Kg1 Bf3 53. Re7 Kg4 54. Rg7 g5 0-1

[Event "*** Titled Tuesday Blitz AM"]
[Site "Chess.com"]
[Date "2020.01.07"]
[Round "7"]
[White "JoachimBN"]
[Black "Butterfly"]
[Result "1/2-1/2"]
[WhiteElo "2457"]
[BlackElo "2349"]
[TimeControl "180+2"]
[EndTime "10:35:38 PST"]
[Termination "Game drawn by repetition"]

1. Nf3 Nf6 2. d4 g6 3. c4 Bg7 4. Nc3 d6 5. e4 O-O 6. Be2 c5 7. O-O Bg4 8. d5 b5 9. cxb5 a6 10. a4 axb5 11. Bxb5 Qb6 12. h3 Bxf3 13. Qxf3 Nfd7 14.
Qe2 Ne5 15. Bd2 Na6 16. f4 Nd3 17. a5 Qa7 18. Bxd3 c4+ 19. Kh1 cxd3 20. Qxd3 Nc5 21.
Qc2 Rab8 22. Ra3 Rfc8 23. Rb1 Rb4 24. Be3 Qa6 25. Na2 Rc4 26. Qe2 Nxe4 27. Kh2 Qa8 28. b4 Qxd5 29. a6 Rc2 30. Qd1 Qa8 31. Rc1 Rxc1 32. Nxc1 Nc3 33. Qd3 Nd5 34. Bd2 Nb6 35. b5 h5 36. Ne2 Nc4 37. Ra4 Nxd2 38. Qxd2 Rb8 39. Qd3 Qa7 40. Rc4 Kh7 41. Rc6 d5 42.
Qxd5 Qe3 43. Qxf7 Qxe2 44. Qxg6+ Kh8 45. a7 Rf8 46. b6 e5 47. b7 Qf2 48. Qxh5+ Kg8 49. a8=Q Qxf4+ 50. Kh1 Qf1+ 51. Kh2 Qf4+ 52. Kg1 Qf1+ 53. Kh2 Qf4+ 1/2-1/2

[Event "*** Titled Tuesday Blitz AM"]
[Site "Chess.com"]
[Date "2020.01.07"]
[Round "7"]
[White "FairChess_on_YouTube"]
[Black "VladDobrov"]
[Result "1/2-1/2"]
[WhiteElo "3008"]
[BlackElo "2852"]
[TimeControl "180+2"]
[EndTime "10:35:42 PST"]
[Termination "Game drawn - insufficient material"]

1. d4 Nf6 2. Nf3 e6 3. c4 Bb4+ 4. Nbd2 O-O 5. a3 Bxd2+ 6. Bxd2 b6 7. Bg5 Bb7 8. e3 d6 9. Bd3 Nbd7 10. O-O Qe8 11.
Re1 Ne4 12. Bxe4 Bxe4 13. Nd2 Bb7 14. e4 f6 15. Bh4 Qg6 16. f3 a5 17. Bf2 a4 18. d5 e5 19. Nb1 f5 20. Nc3 fxe4 21.
Rxe4 Nc5 22. Bxc5 bxc5 23. Nxa4 Bc8 24. Nc3 Bf5 25. Re3 Qg5 26. Qd2 Bd7 27. Rd3 Qh4 28. b3 Rfb8 29. Ne4 Bf5 30. Qe3 Rb7 31. a4 Rab8 32.
Rc3 Rb4 33. a5 Ra8 34. h3 h6 35. Ra3 Qd8 36. Rc2 Rb7 37. Rca2 Rba7 38. Nc3 Bd7 39. Nb5 Ra6 40. f4 exf4 41. Qxf4 c6 42. Nxd6 cxd5 43. cxd5 Bxh3 44. Nf7 Qe7 45. d6 Qxf7 46. Qxf7+ Kxf7 47.
gxh3 Ke6 48. Kf2 Kxd6 49. Ra4 Kc6 50. b4 Kb5 51. bxc5 Rxa5 52. Rxa5+ Rxa5 53. Rxa5+ Kxa5 54. Ke3 Kb5 55. Kd4 Kc6 56. h4 g5 57. hxg5 hxg5 58. Ke4 Kxc5 59. Kf5 Kd5 60. Kxg5 1/2-1/2

[Event "*** Titled Tuesday Blitz AM"]
[Site "Chess.com"]
[Date "2020.01.07"]
[Round "7"]
[White "Orest_Vovk"]
[Black "ExcitingTrap"]
[Result "0-1"]
[WhiteElo "2406"]
[BlackElo "2322"]
[TimeControl "180+2"]
[EndTime "10:35:47 PST"]
[Termination "ExcitingTrap won by resignation"]

1. d4 d6 2. e4 Nf6 3. Nc3 e5 4. dxe5 dxe5 5. Qxd8+ Kxd8 6. Bg5 Be6 7. O-O-O+ Nd7 8. Nf3 Kc8 9. Be2 Bc5 10. Bxf6 gxf6 11.
Rhf1 Rg8 12. g3 Bh3 13. Rh1 Bxf2 14. Nd5 Bc5 15. Nh4 c6 16. Nc3 b5 17. Bf1 Bg4 18.
Be2 Bh3 19. Bh5 Be6 20. Rhf1 a5 21. Nf5 a4 22. Nh6 Rg6 23. Bxg6 fxg6 24. Rf3 b4 25. Ne2 Bc4 26. Kd2 Bxa2 27. b3 axb3 28. cxb3 Ra3 29. Kc2 Nb6 30. Rxf6 Bxb3+ 31. Kd2 Bxd1 32. Rxc6+ Kb7 33.
Rxc5 Bxe2 34. Kxe2 b3 35. Kd2 b2 36. Kc2 Rf3 37. Rb5 Rf2+ 38. Kb1 Rxh2 39. Ng4 Re2 40. Nxe5 Rxe4 41. Nd7 Re6 42. Nc5+ Kc6 43. Rxb6+ Kxb6 44. Nxe6 Kc6 45. Nf8 Kd5 46. Nxh7 Ke4 47. Nf6+ Kf5 48.
Kxb2 Kxf6 49. Kc3 Kf5 50. Kd2 Kg4 51. Ke2 Kxg3 52. Kf1 Kh2 53. Kf2 g5 54. Kf3 Kh3 55.
Kf2 Kh2 56. Kf3 Kh3 57. Kf2 g4 58. Kg1 Kg3 59. Kh1 Kf2 0-1

[Event "*** Titled Tuesday Blitz AM"]
[Site "Chess.com"]
[Date "2020.01.07"]
[Round "7"]
[White "Angry_Serb"]
[Black "SantoBlue"]
[Result "1-0"]
[WhiteElo "2670"]
[BlackElo "2751"]
[TimeControl "180+2"]
[EndTime "10:35:48 PST"]
[Termination "Angry_Serb won by resignation"]

1. d4 Nf6 2. Nf3 d5 3. g3 c5 4.
Bg2 cxd4 5. Nxd4 e5 6. Nb3 Be7 7. Bg5 d4 8. c3 Nc6 9. cxd4 exd4 10. Bxc6+ bxc6 11. Qxd4 Qc7 12. Bf4 Qb7 13. O-O Bh3 14.
Nc5 Bxc5 15. Qxc5 Bxf1 16. Kxf1 Nd5 17. Be5 f6 18. Bd4 Kf7 19. Nd2 Rhe8 20. Rc1 Qa6 21. Qc4 Qxc4 22. Nxc4 h5 23. Nd6+ Kg6 24. Nxe8 Rxe8 25.
Rxc6 Rd8 26. Bxa7 Nb4 27. Rc4 Nxa2 28. Bd4 Kf5 29. h4 Ke6 30. e4 Rb8 31. Ke2 Rb3 32. Rc7 Rb4 33. Kd3 Ra4 34. Bc3 Nc1+ 35. Ke3 Nb3 36.
Rxg7 Nc5 37. f3 Ra1 38. Rh7 Rg1 39. Kf2 Rh1 40. Rxh5 Nb3 41. Rh6 Rh2+ 42. Ke3 Nc1 43. Rxf6+ Ke7 44. Rf5 Ke6 45. Re5+ Kf7 46. Rd5 Re2+ 47.
Kf4 Rg2 48. g4 Ne2+ 49. Kg5 Ng1 50. Rf5+ Ke6 51. Rf6+ Ke7 52. Kf4 Ne2+ 53. Ke5 Rg3 54. g5 Ng1 55. Bb4+ Kd7 56. Rf7+ Kc6 57. f4 Nf3+ 58.
Kf6 Rg4 59. f5 Nxh4 60. g6 Ng2 61. Re7 Nf4 62. Bd2 Nh5+ 63. Kf7 Rg2 64. Bc3 1-0

[Event "*** Titled Tuesday Blitz AM"]
[Site "Chess.com"]
[Date "2020.01.07"]
[Round "7"]
[White "Leonid_Starozhilov"]
[Black "manmanlai1"]
[Result "1-0"]
[WhiteElo "2702"]
[BlackElo "2378"]
[TimeControl "180+2"]
[EndTime "10:35:50 PST"]
[Termination "Leonid_Starozhilov won by resignation"]

1. Nf3 d5 2. d4 e6 3. Bg5 Be7 4.
Bxe7 Qxe7 5. c3 c6 6. Nbd2 Nd7 7. e4 dxe4 8. Nxe4 Ngf6 9. Nxf6+ Qxf6 10. Bd3 O-O 11. Qe2 Rd8 12. O-O g6 13. Rad1 b6 14. Ne5 Bb7 15. Ng4 Qg7 16. Ba6 Bxa6 17. Qxa6 Rdb8 18. Rfe1 Qf8 19. Qe2 Rd8 20. h4 Qe7 21. h5 Qg5 22. Qf3 Rac8 23. Ne5 Nxe5 24. Rxe5 Qh6 25.
Qf6 Re8 26. Rde1 Qg7 27. Qf4 Rcd8 28. Qf3 Rd5 29. Rxd5 cxd5 30. Qxd5 Qf6 31. Qc6 Qe7 32. hxg6 hxg6 33. a4 Kg7 34. g3 Rh8 35. Qe4 Qg5 36.
Qe5+ Qxe5 37. Rxe5 Rc8 38. Rb5 Rc6 39. Kf1 Kf6 40. a5 Ke7 41. axb6 axb6 42. Rb4 Kd6 43. Ra4 g5 44. Ke2 f5 45. Kd3 Rc8 46. Ra6 Kc6 47. Ra1 Rh8 48. Re1 Kd6 49. c4 Rh2 50. Re2 Rh1 51.
Kc2 Rf1 52. b4 Ra1 53. Kb3 g4 54. c5+ bxc5 55. dxc5+ Kd7 56. Kc4 Rd1 57. Kb5 Rd5 58. Kb6 e5 59. b5 e4 60. c6+ 1-0

[Event "*** Titled Tuesday Blitz AM"]
[Site "Chess.com"]
[Date "2020.01.07"]
[Round "7"]
[White "vlad10898"]
[Black "platy3"]
[Result "1/2-1/2"]
[WhiteElo "2728"]
[BlackElo "2880"]
[TimeControl "180+2"]
[EndTime "10:36:00 PST"]
[Termination "Game drawn by repetition"]

1. e4 c5 2. Nf3 Nc6 3. d4 cxd4 4.
Nxd4 Nf6 5. Nc3 d6 6. Bg5 e6 7.
Qd2 a6 8. O-O-O Be7 9. f4 Bd7 10. Nf3 b5 11. Bxf6 gxf6 12. f5 Qb6 13. Kb1 O-O-O 14.
g3 Kb8 15. fxe6 fxe6 16. Bh3 Na5 17. Nd4 b4 18. Nce2 e5 19. Bxd7 Rxd7 20. Nf5 Nc4 21. Qd5 Rc8 22. Nc1 a5 23. Qe6 Qb7 24. Rd5 a4 25.
Rhd1 Na3+ 26. bxa3 bxa3+ 27. Nb3 axb3 28. axb3 Qc6 29. c4 Bf8 30. Ka2 Rb7 31. Nxd6 Rd8 32. Qxf6 Rbd7 33. c5 Qa6 34. Qxe5 Bg7 35. Qf4 Ka8 36.
e5 Qc6 37. Qa4+ Qxa4 38. bxa4 Kb8 39. c6 Re7 40. Rb1+ Kc7 41. Rb7+ Kxc6 42. Rxe7 Bf8 43. Rb7 Kxd5 44. a5 Ra8 45. Rb5+ Kc6 46. Rb3 Rxa5 47.
Nc4 Rd5 48. Nxa3 Rxe5 49. Nc4 Re4 50. Rc3 Kb5 51. Kb3 Bb4 52. Rc2 Bc5 53. Na3+ Kc6 54.
Nb1 h6 55. Nc3 Re3 56. Kc4 Bf8 57. Kd4 Bc5+ 58. Kc4 Bf8 59. Kd4 Bc5+ 60. Kc4 1/2-1/2

[Event "*** Titled Tuesday Blitz AM"]
[Site "Chess.com"]
[Date "2020.01.07"]
[Round "7"]
[White "MarcoRiehle"]
[Black "Olga_Zhuravleva"]
[Result "1-0"]
[WhiteElo "2632"]
[BlackElo "2335"]
[TimeControl "180+2"]
[EndTime "10:36:05 PST"]
[Termination "MarcoRiehle won by resignation"]

1. d4 g6 2. e4 Bg7 3. c4 d6 4. Nc3 Nc6 5. Nge2 e5 6. d5 Nce7 7. Be3 f5 8. f3 Nf6 9. Qd2 O-O 10.
O-O-O a6 11. h3 f4 12. Bf2 Nh5 13. g4 fxg3 14. Nxg3 Nxg3 15. Bxg3 Rxf3 16. Qg2 Rf8 17. Be2 c5 18. h4 h6 19. Rdg1 b5 20. Be1 Qa5 21. Bd2 b4 22. Nb1 Qxa2 23. h5 Rf4 24. hxg6 Rxe4 25. Bxh6 Rxc4+ 26. Bxc4 Qxc4+ 27. Qc2 Bxh6+ 28. Rxh6 Qf4+ 29. Qd2 Qc4+ 30. Qc2 Qf4+ 31. Qd2 Qc4+ 32. Nc3 Nf5 33. Qh2 Qf4+ 34. Qxf4 exf4 35. Rh5 bxc3 36. g7 cxb2+ 37. Kxb2 Rb8+ 38. Ka2 Nxg7 39. Rhg5 Rb7 40. Rg6 Rd7 41. Kb3 Bb7 42. Kc4 Kf8 43. Rf6+ Rf7 44. Rxd6 Nf5 45. Rd8+ Ke7 46. Rb8 Ne3+ 47. Kxc5 Bxd5 48.
Rg5 Be6 49. Re5 Kf6 50. Re4 Rc7+ 51. Kd6 Rd7+ 52. Kc5 Nd5 53. Rf8+ Rf7 54. Rh8 Ke7 55. Rh1 f3 56. Rf1 Nc7 57. Re3 Rf5+ 58. Kc6 Ne8 59.
Rfxf3 Rxf3 60. Rxf3 Bd5+ 61. Kxd5 Nf6+ 62. Kc6 Nd7 63. Re3+ Kd8 64. Rd3 1-0

[Event "*** Titled Tuesday Blitz AM"]
[Site "Chess.com"]
[Date "2020.01.07"]
[Round "7"]
[White "AminMolaei"]
[Black "bascheyaro"]
[Result "1-0"]
[WhiteElo "2581"]
[BlackElo "2694"]
[TimeControl "180+2"]
[EndTime "10:36:11 PST"]
[Termination "AminMolaei won by resignation"]

1. d4 d5 2. c4 c6 3. Nc3 Nf6 4.
Nf3 Bf5 5. Qb3 Qb6 6. c5 Qxb3 7. axb3 e6 8. b4 Be7 9. Bf4 O-O 10. e3 Nh5 11.
Bxb8 Rfxb8 12. b5 Nf6 13. Ne5 Ng4 14. Nxg4 Bxg4 15. b4 a6 16. bxc6 bxc6 17. Ra4 Bf5 18. Kd2 Bd8 19. Bxa6 f6 20. Rha1 e5 21. Bd3 Rxa4 22.
Rxa4 e4 23. Be2 Bd7 24. Ra7 Be8 25. Na2 h5 26. Kc3 g6 27. Kb3 Kf8 28. Nc3 f5 29.
Ka4 h4 30. b5 g5 31. bxc6 Bxc6+ 32. Bb5 Ba8 33. c6 Rc8 34. Ra6 Ke7 35. Nxd5+ Kd6 36.
Nb4 Bc7 37. Kb3 f4 38. Kc4 Rf8 39. Ra2 Ke6 40. d5+ Ke5 41. Na6 Bd6 42. Nc5 Rh8 43.
Nd7+ Kf5 44. Nb6 f3 45. g3 hxg3 46. hxg3 Bxc6 47. dxc6 Kg4 48. Kd5 Bc7 49. Na8 Bxg3 50. fxg3 Kxg3 51. c7 g4 52. Kxe4 f2 53. Nb6 Rh5 54.
c8=Q Rxb5 55. Qc7+ Kg2 56. Rxf2+ Kxf2 57. Qf4+ Ke1 58.
Nc4 Rb4 59. Kd4 Rb5 60. Qxg4 Kf2 61. e4 1-0

[Event "*** Titled Tuesday Blitz AM"]
[Site "Chess.com"]
[Date "2020.01.07"]
[Round "7"]
[White "BeanScreen"]
[Black "Rhinos1"]
[Result "1-0"]
[WhiteElo "2385"]
[BlackElo "2132"]
[TimeControl "180+2"]
[EndTime "10:36:12 PST"]
[Termination "BeanScreen won on time"]

1. e4 e6 2. d3 d5 3. Nd2 Nc6 4. Ngf3 e5 5. g3 Nf6 6. Bg2 dxe4 7. dxe4 Bc5 8. O-O O-O 9. c3 a5 10. a4 b6 11. Qc2 Ba6 12. Rd1 Qd3 13. Qb3 Nxe4 14.
Nxe4 Qxe4 15. Nd4 Qxg2+ 16. Kxg2 exd4 17. Bf4 Rac8 18. Kg1 Rfe8 19. Qd5 Ne7 20. Qf3 Nf5 21. Bxc7 g6 22. Qf4 dxc3 23. bxc3 Re2 24. Rd8+ Rxd8 25.
Bxd8 Nd6 26. Bf6 Rxf2 27. Qxf2 Bxf2+ 28. Kxf2 Ne4+ 29. Ke3 Nxf6 30. Kd4 Nd7 31. Kd5 Nb8 32. Kd6 Bc4 33. Kc7 Na6+ 34. Kxb6 Kf8 35. Re1 Nb8 36. Kxa5 h5 37. Kb6 Nd7+ 38. Kc6 Nf6 39. a5 Bd5+ 40. Kc5 Bf3 41. a6 g5 42. Rf1 g4 43. a7 Nd7+ 44.
Kd6 Nb6 45. Kc7 Na8+ 46. Kb8 Ke7 47. c4 Kd6 48. Rb1 Kc5 49. Rb5+ Kxc4 50. Rb7 Nb6 51. Rxb6 1-0

[Event "*** Titled Tuesday Blitz AM"]
[Site "Chess.com"]
[Date "2020.01.07"]
[Round "7"]
[White "David_Paravyan"]
[Black "mishanick"]
[Result "1/2-1/2"]
[WhiteElo "2870"]
[BlackElo "2971"]
[TimeControl "180+2"]
[EndTime "10:36:34 PST"]
[Termination "Game drawn by repetition"]

1. e4 c5 2. Nf3 d6 3. d4 Nf6 4. Bb5+ Bd7 5. Bxd7+ Qxd7 6. dxc5 Nxe4 7. cxd6 Qxd6 8.
Qe2 Nf6 9. Nc3 a6 10. O-O e6 11. Ne5 Be7 12. Rd1 Qb6 13. a4 Nc6 14. Nc4 Qc7 15.
g3 Nb4 16. Bf4 Qc6 17. Nd6+ Kf8 18. Nc4 Nfd5 19. Nxd5 Nxd5 20. Ne5 Qc8 21. Qh5 g6 22. Qf3 f6 23. Bh6+ Ke8 24. c4 Nb4 25. Nd7 Kf7 26. Nb6 Qc7 27. Nxa8 Rxa8 28. Rd2 Qxc4 29. Qxb7 Re8 30. Rad1 Nd5 31. b3 Qc8 32. Qxc8 Rxc8 33. Rd3 g5 34. h4 Kg6 35. hxg5 fxg5 36. Re1 Rc6 37. Rxd5 exd5 38. Rxe7 Kxh6 39. Rd7 Rb6 40. Rxd5 Rxb3 41. Rd6+ Kg7 42. Rxa6 Ra3 43. Kg2 h5 44. a5 h4 45. gxh4 gxh4 46. Ra8 h3+ 47. Kh2 Rf3 48. a6 Rxf2+ 49. Kxh3 Rf6 50. Kg4 Rg6+ 51. Kf5 Rf6+ 52. Ke5 Rb6 53. Kd5 Rf6 54. Ra7+ Kg8 55. Kc5 Rf5+ 56. Kc6 Rf6+ 57. Kd5 Rb6 58. Ra8+ Kg7 59. Kc4 Rf6 60. Kd4 Rb6 61. Ke5 Rc6 62. Kd5 Rf6 63. Kc5 Rf5+ 64. Kd6 Rf6+ 65. Ke5 Rb6 66. Ra7+ Kg8 67.
Kd5 Rf6 68. Ke4 Rb6 69. Ra8+ Kg7 70. a7 Ra6 71. Kd5 Ra1 72. Kc6 Rc1+ 73. Kb6 Rb1+ 74. Kc6 Rc1+ 75. Kb6 Rb1+ 76. Kc6 Rc1+ 1/2-1/2